Blue Jackets vs Golden Seals

Created - 20 mars 2024 at 12:15

Goals
1 2 3 T
Blue Jackets 0 0 1 1
Golden Seals 3 2 1 6
Shots
1 2 3 T
Blue Jackets 11 12 7 30
Golden Seals 11 14 7 32

GoalsPenalties
1st period
1. Golden Seals , Jonathan Toews 19 (Jake McCabe 11) at 16:43
2. Golden Seals , Nick Suzuki 29 (Colton Parayko 21) at 16:55
3. Golden Seals , Nick Suzuki 30 (Jason Robertson 39, Tyler Toffoli 29) at 18:56 (PP)
Connor Clifton (CLB) for Roughing (Minor) at 18:45
2nd period
4. Golden Seals , Tyler Toffoli 21 (Nick Suzuki 45, Jason Robertson 40) at 5:10
5. Golden Seals , Tyler Toffoli 22 (Robert Hagg 4, Nick Suzuki 46) at 9:48
Robby Fabbri (CLF) for Holding (Minor) at 12:38
3rd period
6. Blue Jackets , Josh Manson 2 (Andreas Athanasiou 12, Tom Wilson 21) at 1:02
7. Golden Seals , Nick Suzuki 31 (Jason Robertson 41, Tyler Toffoli 30) at 9:35
Dillon Dube (CLB) for Tripping (Minor) at 3:25
Tom Wilson (CLB) for Slashing (Minor) at 19:26
Goalie Stats
Logan Thompson (CLB), 12 saves from 14 shots - (0,857), 34:50 minutes
Filip Gustavsson (CLB), 14 saves from 18 shots - (0,778), L, 18-16-4, 25:10 minutes
Pheonix Copley (CLF), 29 saves from 30 shots - (0,967), W, 9-10-0, 60:00 minutes
3 StarsOfficial
1 - Nick Suzuki (CLF)
2 - Tyler Toffoli (CLF)
3 - Jason Robertson (CLF)
Referees : Garrett Rank and Jim Curtin
Linesman : Julien Fournier and Andrew Smith
Game Note
David Krejci is injured at 11:42 of 1st period (Back)
Logan Thompson enters game at 5:10 of 2nd period
Nick Suzuki has scored a Hat Trick!
Finance
Level 1 -- Attendance: 5925 (98,75%) -- Ticket Income $355,500
Level 2 -- Attendance: 5000 (100,00%) -- Ticket Income $175,000
Level 3 -- Attendance: 2000 (100,00%) -- Ticket Income $32,000
Level 4 -- Attendance: 4000 (100,00%) -- Ticket Income $40,000
Luxury Box -- Attendance: 1000 (100,00%) -- Ticket Income $100,000
Game was played at the Sideburns Coliseum.
Total Attendance: 17925 (99,58%)
Total Ticket Income: $702,500
Other Income: $344,225
Total Income: $1,046,725



Team Name Goals Shots Shots Attemp Shots Blocked PIM HIT PP PK FO%
Blue Jackets 13063126220 / 1 (0%)149%
Golden Seals 63270132251 / 3 (33%)051%

Blue Jackets
Player Name POS G A P +/- PIM HIT SHT SB MP PP MP PP SHT PK MP PK SHT FO% FOT GA TA
Andreas AthanasiouC/LW/RW011-1002015:040:0000:48056% 900
Brandon SaadLW/RW000-1011013:550:0000:0900% 100
Brenden DillonD0000020123:070:3801:2600% 011
Brett HowdenC000-3031119:480:2601:41033% 1801
Connor CliftonD000-2243017:010:3800:0900% 010
Connor MurphyD000-2012419:291:2100:1100% 011
David KrejciC000000003:130:0000:00050% 600
David PerronLW/RW000-3022118:511:2110:5000% 020
Dillon DubeC/LW/RW0000211010:450:1200:4400% 010
Erik CernakD000-2001220:441:2101:0800% 011
Josh MansonD1010011021:270:0000:3900% 001
Luke HughesD000-2011018:110:0001:5300% 002
Matt DucheneC/LW0000011219:160:3800:00033% 310
Nikita KucherovLW/RW0000014118:541:2101:0000% 020
Tom WilsonRW011-1233013:450:0000:000100% 100
Troy TerryC/RW000-3002017:420:3800:140100% 100
Tyler SeguinC/RW0000005017:571:2110:00063% 1911
Vladislav NamestnikovC/LW/RW000001008:050:0000:0000% 100
Golden Seals
Player Name POS G A P +/- PIM HIT SHT SB MP PP MP PP SHT PK MP PK SHT FO% FOT GA TA
Barclay GoodrowC/LW/RW000001007:240:0000:0000% 000
Bobby BrinkRW0000002013:000:0000:000100% 100
Cody CeciD0002020322:420:0001:1500% 002
Colton ParaykoD0112010224:351:4601:1500% 003
Dysin MayoD0001011019:210:0000:4400% 000
Jaden SchwartzLW/RW0000021216:530:5100:000100% 210
Jake McCabeD0111010120:180:5700:4400% 001
Jason RobertsonLW/RW0334022121:411:5201:08043% 710
Jonatan BerggrenC/LW/RW000001007:360:1200:0000% 010
Jonathan ToewsC1010013015:081:4600:35050% 800
Max DomiC/LW0000032017:170:5100:1300% 001
Nick SuzukiC/RW3254029121:511:5221:11044% 2510
Ondrej KaseLW/RW000001207:240:0000:0000% 011
Robby FabbriC/LW/RW0000212114:070:5700:00033% 310
Robert HaggD0111012015:070:0000:0000% 001
Ryan SuterD000000000:000:0000:0000% 000
Thomas HarleyD0001020115:070:0000:0000% 010
Tyler ToffoliC/LW/RW2244014120:211:4000:00050% 201
William KarlssonC0000022018:080:5100:51064% 1111

Blue Jackets

5 vs 5 Forward
Line #Left WingCenterRight WingPHYDFOFWanted %Time %Time Play
1Matt DucheneTyler SeguinNikita Kucherov0143530%16:37
2David PerronDavid KrejciTroy Terry0233030%16:50
3Brandon SaadAndreas AthanasiouTom Wilson0232225%13:46
4Vladislav NamestnikovBrett HowdenDillon Dube0231315%8:05
5 vs 5 Defense
Line #DefenseDefensePHYDFOFWanted %Time %Time Play
1Brenden DillonJosh Manson1223838%20:46
2Erik CernakConnor Murphy1223432%17:56
3Connor CliftonLuke Hughes2212829%16:18
4Brenden DillonErik Cernak12201%0:18
Power Play Forward
Line #Left WingCenterRight WingPHYDFOFWanted %Time %Time Play
1Nikita KucherovTyler SeguinDavid Perron1045668%1:21
2Matt DucheneDavid KrejciTroy Terry1044432%0:38
Power Play Defense
Line #DefenseDefensePHYDFOFWanted %Time %Time Play
1Brenden DillonConnor Clifton1136032%0:38
2Erik CernakConnor Murphy1134068%1:21
Penalty Kill 4 Players Forward
Line #CenterWingPHYDFOFWanted %Time %Time Play
1Brett HowdenDillon Dube14060100%2:43
2Troy TerryMatt Duchene140400%0:00
Penalty Kill 4 Players Defense
Line #DefenseDefensePHYDFOFWanted %Time %Time Play
1Brenden DillonLuke Hughes1226076%2:04
2Erik CernakJosh Manson1224024%0:39
Penalty Kill 3 Players
Line #WingPHYDFOFWanted %Time %Time PlayDefenseDefensePHYDFOFWanted %Time %Time Play
1Andreas Athanasiou140600%0:00 Erik CernakLuke Hughes122600%0:00
2David Krejci140400%0:00 Connor CliftonJosh Manson122400%0:00
4 vs 4 Forward
Line #CenterWingPHYDFOFWanted %Time %Time Play
1Troy TerryDavid Perron023600%0:00
2Matt DucheneTom Wilson023400%0:00
4 vs 4 Defense
Line #DefensePHYDFOFWanted %Time %Time Play
1Josh MansonLuke Hughes023500%0:00
2Erik CernakBrenden Dillon023500%0:00
Last Minutes Offensive
Left WingCenterRight WingDefenseDefense
Troy TerryMatt DucheneTyler SeguinBrenden DillonJosh Manson
Last Minutes Defensive
Left WingCenterRight WingDefenseDefense
Troy TerryMatt DucheneTyler SeguinBrenden DillonJosh Manson
Time
Total ForwardTotal DefenseLast Minutes OffensiveLast Minutes Defensive
60:00 60:00 0:000:00
Extra Forwards
Normal PowerPlayPenalty Kill
Brett Howden, Matt Duchene, Dillon DubeBrett Howden, Matt DucheneDillon Dube
Extra Defensemen
Normal PowerPlayPenalty Kill
Josh Manson, Luke Hughes, Erik CernakJosh Manson, Luke HughesErik Cernak
Penalty Shots
Matt Duchene, Dillon Dube, Tyler Seguin, Troy Terry, David Perron
Goalie
Filip Gustavsson, Logan Thompson
Custom OT Lines Forwards
Troy Terry, Matt Duchene, Tyler Seguin, Tom Wilson, David Perron, Brandon Saad, David Krejci, Dillon Dube, Andreas Athanasiou, Vladislav Namestnikov
Custom OT Lines Defensemen
Brenden Dillon, Luke Hughes, Erik Cernak, Connor Murphy, Connor Clifton
Scratches
Adam Gaudette (Healthy), Nicolas Hague (Concussion Injury), Patrick Maroon (Healthy)

Golden Seals

5 vs 5 Forward
Line #Left WingCenterRight WingPHYDFOFWanted %Time %Time Play
1Tyler ToffoliNick SuzukiJason Robertson0233734%18:52
2Max DomiWilliam KarlssonJaden Schwartz0233029%16:02
3Robby FabbriJonathan ToewsBobby Brink0232324%13:00
4Jonatan BerggrenBarclay GoodrowOndrej Kase0231013%7:24
5 vs 5 Defense
Line #DefenseDefensePHYDFOFWanted %Time %Time Play
1Colton ParaykoCody Ceci0414039%21:34
2Jake McCabeDysin Mayo0413334%18:37
3Robert HaggThomas Harley0412727%15:07
4Cody CeciJake McCabe12200%0:00
Power Play Forward
Line #Left WingCenterRight WingPHYDFOFWanted %Time %Time Play
1Tyler ToffoliNick SuzukiJason Robertson0056069%1:52
2Max DomiWilliam KarlssonJaden Schwartz0054031%0:51
Power Play Defense
Line #DefenseDefensePHYDFOFWanted %Time %Time Play
1Jonathan ToewsColton Parayko0146065%1:46
2Robby FabbriJake McCabe0144035%0:57
Penalty Kill 4 Players Forward
Line #CenterWingPHYDFOFWanted %Time %Time Play
1Jason RobertsonNick Suzuki1316071%1:24
2Jonathan ToewsWilliam Karlsson1314029%0:35
Penalty Kill 4 Players Defense
Line #DefenseDefensePHYDFOFWanted %Time %Time Play
1Colton ParaykoCody Ceci1406063%1:15
2Jake McCabeDysin Mayo1404037%0:44
Penalty Kill 3 Players
Line #WingPHYDFOFWanted %Time %Time PlayDefenseDefensePHYDFOFWanted %Time %Time Play
1Nick Suzuki050600%0:00 Colton ParaykoCody Ceci050600%0:00
2William Karlsson050400%0:00 Jake McCabeDysin Mayo050400%0:00
4 vs 4 Forward
Line #CenterWingPHYDFOFWanted %Time %Time Play
1Nick SuzukiJason Robertson122600%0:00
2William KarlssonTyler Toffoli122400%0:00
4 vs 4 Defense
Line #DefensePHYDFOFWanted %Time %Time Play
1Colton ParaykoCody Ceci131600%0:00
2Jake McCabeDysin Mayo131400%0:00
Last Minutes Offensive
Left WingCenterRight WingDefenseDefense
Tyler ToffoliNick SuzukiJason RobertsonWilliam KarlssonJonathan Toews
Last Minutes Defensive
Left WingCenterRight WingDefenseDefense
Barclay GoodrowWilliam KarlssonNick SuzukiColton ParaykoCody Ceci
Time
Total ForwardTotal DefenseLast Minutes OffensiveLast Minutes Defensive
60:00 60:00 0:000:00
Extra Forwards
Normal PowerPlayPenalty Kill
Ondrej Kase, Jonatan Berggren, Barclay GoodrowJonatan Berggren, Bobby BrinkWilliam Karlsson
Extra Defensemen
Normal PowerPlayPenalty Kill
Jake McCabe, Thomas Harley, Cody CeciCody Ceci, Robert HaggCody Ceci
Penalty Shots
Nick Suzuki, Jason Robertson, Tyler Toffoli, Jonathan Toews, William Karlsson
Goalie
Pheonix Copley, Andrei Vasilevskiy
Custom OT Lines Forwards
Nick Suzuki, Jason Robertson, Tyler Toffoli, Jonathan Toews, William Karlsson, Max Domi, Jaden Schwartz, Robby Fabbri, Jonatan Berggren, Bobby Brink
Custom OT Lines Defensemen
Colton Parayko, Jake McCabe, Cody Ceci, Thomas Harley, Dysin Mayo
Scratches
Kurtis MacDermid (Healthy), Nick Cousins (Healthy)


Play-by-Play

1st period


0:01 of 1st period - Tyler Seguin wins face-off versus Nick Suzuki in neutral zone.
1:55 of 1st period - Off-side.
1:56 of 1st period - William Karlsson wins face-off versus David Krejci in neutral zone.
2:01 of 1st period - Wrist shot by William Karlsson.
2:01 of 1st period - Shot Misses the Net.
2:20 of 1st period - Icing by Max Domi.
2:21 of 1st period - Andreas Athanasiou wins face-off versus Robby Fabbri in Golden Seals zone.
2:55 of 1st period - Slapshot by Nick Suzuki.
2:55 of 1st period - Stopped by Filip Gustavsson without a rebound.
2:56 of 1st period - David Krejci wins face-off versus Nick Suzuki in Blue Jackets zone.
3:21 of 1st period - Jaden Schwartz is hit by Luke Hughes and loses puck.
3:50 of 1st period - Slapshot by Nikita Kucherov.
3:50 of 1st period - Shot Blocked by Robby Fabbri.
4:58 of 1st period - Snap shot by Tyler Seguin.
4:58 of 1st period - Shot Blocked by Cody Ceci.
5:03 of 1st period - Icing by Bobby Brink.
5:04 of 1st period - Robby Fabbri wins face-off versus David Krejci in Golden Seals zone.
5:18 of 1st period - Connor Murphy is hit by Jonathan Toews and loses puck.
5:24 of 1st period - Icing by Connor Murphy.
5:25 of 1st period - David Krejci wins face-off versus Nick Suzuki in Blue Jackets zone.
5:37 of 1st period - Icing by Jason Robertson.
5:38 of 1st period - Nick Suzuki wins face-off versus Tyler Seguin in Golden Seals zone.
5:43 of 1st period - Brenden Dillon is hit by Nick Suzuki and loses puck.
6:15 of 1st period - Slapshot by Nick Suzuki.
6:15 of 1st period - Stopped by Filip Gustavsson without a rebound.
6:16 of 1st period - William Karlsson wins face-off versus Tyler Seguin in Blue Jackets zone.
6:19 of 1st period - Snap shot by Max Domi.
6:19 of 1st period - Stopped by Filip Gustavsson without a rebound.
6:20 of 1st period - William Karlsson wins face-off versus Tyler Seguin in Blue Jackets zone.
6:47 of 1st period - Connor Clifton is hit by Tyler Toffoli and loses puck.
7:10 of 1st period - Slapshot by Luke Hughes.
7:10 of 1st period - Shot Hit the Post.
7:38 of 1st period - Snap shot by Troy Terry.
7:38 of 1st period - Shot Misses the Net.
7:40 of 1st period - Snap shot by David Perron.
7:40 of 1st period - Stopped by Pheonix Copley with a rebound.
7:42 of 1st period - Slapshot by Luke Hughes.
7:42 of 1st period - Shot Misses the Net.
7:54 of 1st period - Nikita Kucherov is hit by Thomas Harley and loses puck.
8:01 of 1st period - Snap shot by Nikita Kucherov.
8:01 of 1st period - Shot Blocked by Thomas Harley.
8:03 of 1st period - Wrist shot by Connor Murphy.
8:03 of 1st period - Stopped by Pheonix Copley with a rebound.
8:23 of 1st period - Snap shot by Nick Suzuki.
8:23 of 1st period - Shot Misses the Net.
8:25 of 1st period - Snap shot by Nick Suzuki.
8:25 of 1st period - Stopped by Filip Gustavsson with a rebound.
8:39 of 1st period - Snap shot by Tom Wilson.
8:39 of 1st period - Shot Misses the Net.
8:51 of 1st period - Jake McCabe is hit by Tom Wilson and loses puck.
9:33 of 1st period - Matt Duchene is hit by Colton Parayko and loses puck.
9:44 of 1st period - Tyler Seguin is hit by Jason Robertson and loses puck.
10:00 of 1st period - Slapshot by Brenden Dillon.
10:00 of 1st period - Shot Misses the Net.
10:06 of 1st period - Snap shot by Nikita Kucherov.
10:06 of 1st period - Shot Blocked by Colton Parayko.
10:08 of 1st period - Slapshot by Brenden Dillon.
10:08 of 1st period - Shot Blocked by Nick Suzuki.
10:14 of 1st period - Wrist shot by Nikita Kucherov.
10:14 of 1st period - Shot Blocked by Colton Parayko.
10:18 of 1st period - Wrist shot by Nikita Kucherov.
10:18 of 1st period - Stopped by Pheonix Copley with a rebound.
10:20 of 1st period - Slapshot by Josh Manson.
10:20 of 1st period - Shot Blocked by Cody Ceci.
10:26 of 1st period - Wrist shot by Matt Duchene.
10:26 of 1st period - Shot Misses the Net.
10:28 of 1st period - Slapshot by Matt Duchene.
10:28 of 1st period - Shot Misses the Net.
10:42 of 1st period - Slapshot by Nikita Kucherov.
10:42 of 1st period - Deflect By Jason Robertson.
10:42 of 1st period - Stopped by Pheonix Copley with a rebound.
10:44 of 1st period - Snap shot by Tyler Seguin.
10:44 of 1st period - Stopped by Pheonix Copley without a rebound.
10:45 of 1st period - William Karlsson wins face-off versus David Krejci in Golden Seals zone.
11:35 of 1st period - Brett Howden is hit by Jonatan Berggren and loses puck.
11:40 of 1st period - Snap shot by Ondrej Kase.
11:40 of 1st period - Deflect By Jonatan Berggren.
11:40 of 1st period - Shot Misses the Net.
11:40 of 1st period - Puck is out of play.
11:41 of 1st period - David Krejci wins face-off versus William Karlsson in Blue Jackets zone.
11:41 of 1st period - David Krejci is hit by William Karlsson.
11:42 of 1st period - David Krejci from Blue Jackets is injured at 11:42 of 1st period (Back).
11:43 of 1st period - William Karlsson wins face-off versus Brett Howden in Blue Jackets zone.
11:44 of 1st period - Wrist shot by Max Domi.
11:44 of 1st period - Stopped by Filip Gustavsson without a rebound.
11:45 of 1st period - William Karlsson wins face-off versus Brett Howden in Blue Jackets zone.
12:19 of 1st period - Slapshot by Tyler Seguin.
12:19 of 1st period - Stopped by Pheonix Copley without a rebound.
12:20 of 1st period - Nick Suzuki wins face-off versus Andreas Athanasiou in Golden Seals zone.
13:28 of 1st period - Wrist shot by Barclay Goodrow.
13:28 of 1st period - Shot Misses the Net.
13:30 of 1st period - Slapshot by Ondrej Kase.
13:30 of 1st period - Stopped by Filip Gustavsson without a rebound.
13:31 of 1st period - William Karlsson wins face-off versus Brett Howden in Blue Jackets zone.
13:50 of 1st period - Max Domi is hit by Connor Clifton and loses puck.
14:29 of 1st period - Snap shot by Brandon Saad.
14:29 of 1st period - Stopped by Pheonix Copley with a rebound.
14:31 of 1st period - Wrist shot by Tom Wilson.
14:31 of 1st period - Deflect By Andreas Athanasiou.
14:31 of 1st period - Stopped by Pheonix Copley without a rebound.
14:32 of 1st period - Brett Howden wins face-off versus Jason Robertson in Golden Seals zone.
15:04 of 1st period - Wrist shot by Matt Duchene.
15:04 of 1st period - Shot Misses the Net.
15:22 of 1st period - Brenden Dillon is hit by Jake McCabe.
15:23 of 1st period - Icing by Brenden Dillon.
15:24 of 1st period - Tom Wilson wins face-off versus Jonathan Toews in Blue Jackets zone.
16:11 of 1st period - William Karlsson is hit by Matt Duchene and loses puck.
16:20 of 1st period - Brenden Dillon is hit by Max Domi and loses puck.
16:43 of 1st period - Wrist shot by Jonathan Toews.
16:43 of 1st period - Goal by Jonathan Toews - Blue Jackets : 0 - Golden Seals : 1.
16:44 of 1st period - Nick Suzuki wins face-off versus Brett Howden in neutral zone.
16:55 of 1st period - Snap shot by Nick Suzuki.
16:55 of 1st period - Goal by Nick Suzuki - Blue Jackets : 0 - Golden Seals : 2.
16:56 of 1st period - Tyler Seguin wins face-off versus Jason Robertson in neutral zone.
17:07 of 1st period - Wrist shot by Matt Duchene.
17:07 of 1st period - Shot Misses the Net.
17:09 of 1st period - Slapshot by Luke Hughes.
17:09 of 1st period - Stopped by Pheonix Copley without a rebound.
17:10 of 1st period - Jaden Schwartz wins face-off versus Brett Howden in Golden Seals zone.
17:10 of 1st period - Jaden Schwartz is hit by Connor Murphy.
17:36 of 1st period - Connor Murphy is hit by Jason Robertson.
17:42 of 1st period - Snap shot by Jason Robertson.
17:42 of 1st period - Shot Misses the Net.
17:44 of 1st period - Slapshot by Dysin Mayo.
17:44 of 1st period - Stopped by Filip Gustavsson with a rebound.
17:46 of 1st period - Snap shot by Tyler Toffoli.
17:46 of 1st period - Shot Misses the Net.
18:26 of 1st period - Snap shot by Nikita Kucherov.
18:26 of 1st period - Shot Blocked by Jaden Schwartz.
18:28 of 1st period - Snap shot by Matt Duchene.
18:28 of 1st period - Shot Misses the Net.
18:30 of 1st period - Slapshot by Connor Murphy.
18:30 of 1st period - Stopped by Pheonix Copley with a rebound.
18:32 of 1st period - Slapshot by Connor Murphy.
18:32 of 1st period - Shot Blocked by Jaden Schwartz.
18:34 of 1st period - Slapshot by Erik Cernak.
18:34 of 1st period - Stopped by Pheonix Copley without a rebound.
18:35 of 1st period - Jason Robertson wins face-off versus Vladislav Namestnikov in Golden Seals zone.
18:45 of 1st period - Minor Penalty to Connor Clifton for Roughing.
18:46 of 1st period - Nick Suzuki wins face-off versus Brett Howden in Blue Jackets zone.
18:54 of 1st period - Snap shot by Nick Suzuki.
18:54 of 1st period - Stopped by Filip Gustavsson with a rebound.
18:56 of 1st period - Snap shot by Nick Suzuki.
18:56 of 1st period - Goal by Nick Suzuki - Blue Jackets : 0 - Golden Seals : 3.
18:57 of 1st period - Andreas Athanasiou wins face-off versus Nick Suzuki in neutral zone.
19:04 of 1st period - Wrist shot by Tom Wilson.
19:04 of 1st period - Shot Misses the Net.
19:32 of 1st period - Wrist shot by Jaden Schwartz.
19:32 of 1st period - Deflect By William Karlsson.
19:32 of 1st period - Shot Misses the Net.
19:32 of 1st period - Puck is out of play.
19:33 of 1st period - Tyler Seguin wins face-off versus Jonathan Toews in Blue Jackets zone.
Goals for this period are 0 for Blue Jackets vs 3 for Golden Seals.
Shots for this period are 11 for Blue Jackets vs 11 for Golden Seals.

2nd period


0:01 of 2nd period - Brett Howden wins face-off versus Nick Suzuki in neutral zone.
0:28 of 2nd period - Snap shot by Robby Fabbri.
0:28 of 2nd period - Deflect By Bobby Brink.
0:28 of 2nd period - Shot Misses the Net.
0:28 of 2nd period - Puck is out of play.
0:29 of 2nd period - Bobby Brink wins face-off versus Brett Howden in Blue Jackets zone.
0:38 of 2nd period - Robert Hagg is hit by Brett Howden and loses puck.
0:49 of 2nd period - Slapshot by Robby Fabbri.
0:49 of 2nd period - Stopped by Filip Gustavsson with a rebound.
0:51 of 2nd period - Slapshot by Robert Hagg.
0:51 of 2nd period - Stopped by Filip Gustavsson with a rebound.
0:53 of 2nd period - Snap shot by Jaden Schwartz.
0:53 of 2nd period - Shot Misses the Net.
0:55 of 2nd period - Slapshot by William Karlsson.
0:55 of 2nd period - Stopped by Filip Gustavsson without a rebound.
0:56 of 2nd period - Troy Terry wins face-off versus William Karlsson in Blue Jackets zone.
1:29 of 2nd period - Snap shot by Tom Wilson.
1:29 of 2nd period - Stopped by Pheonix Copley with a rebound.
1:39 of 2nd period - Snap shot by Jaden Schwartz.
1:39 of 2nd period - Shot Blocked by Matt Duchene.
1:41 of 2nd period - Wrist shot by Tyler Toffoli.
1:41 of 2nd period - Stopped by Filip Gustavsson without a rebound.
1:42 of 2nd period - Nick Suzuki wins face-off versus Tyler Seguin in Blue Jackets zone.
1:49 of 2nd period - Snap shot by Jason Robertson.
1:49 of 2nd period - Shot Blocked by Brenden Dillon.
1:51 of 2nd period - Snap shot by Jason Robertson.
1:51 of 2nd period - Shot Misses the Net.
2:37 of 2nd period - Wrist shot by Andreas Athanasiou.
2:37 of 2nd period - Stopped by Pheonix Copley with a rebound.
2:39 of 2nd period - Wrist shot by Brandon Saad.
2:39 of 2nd period - Shot Blocked by Cody Ceci.
3:07 of 2nd period - Wrist shot by Jason Robertson.
3:07 of 2nd period - Shot Blocked by Matt Duchene.
3:33 of 2nd period - Snap shot by Bobby Brink.
3:33 of 2nd period - Stopped by Filip Gustavsson with a rebound.
4:00 of 2nd period - Off-side.
4:01 of 2nd period - Tyler Seguin wins face-off versus Nick Suzuki in neutral zone.
4:37 of 2nd period - Snap shot by Troy Terry.
4:37 of 2nd period - Stopped by Pheonix Copley without a rebound.
4:38 of 2nd period - Jonathan Toews wins face-off versus Brett Howden in Golden Seals zone.
4:43 of 2nd period - Wrist shot by Robby Fabbri.
4:43 of 2nd period - Shot Misses the Net.
5:08 of 2nd period - Snap shot by Tyler Toffoli.
5:08 of 2nd period - Stopped by Filip Gustavsson with a rebound.
5:10 of 2nd period - Snap shot by Nick Suzuki.
5:10 of 2nd period - Deflect By Tyler Toffoli.
5:10 of 2nd period - Goal by Tyler Toffoli - Blue Jackets : 0 - Golden Seals : 4.
5:10 of 2nd period - Logan Thompson enters game.
5:11 of 2nd period - Brett Howden wins face-off versus Nick Suzuki in neutral zone.
5:18 of 2nd period - Snap shot by Dillon Dube.
5:18 of 2nd period - Shot Blocked by Jason Robertson.
5:20 of 2nd period - Slapshot by Connor Clifton.
5:20 of 2nd period - Stopped by Pheonix Copley with a rebound.
5:22 of 2nd period - Slapshot by Connor Clifton.
5:22 of 2nd period - Stopped by Pheonix Copley without a rebound.
5:23 of 2nd period - Tyler Toffoli wins face-off versus Brett Howden in Golden Seals zone.
5:34 of 2nd period - Wrist shot by Nick Suzuki.
5:34 of 2nd period - Stopped by Logan Thompson without a rebound.
5:35 of 2nd period - Tyler Seguin wins face-off versus William Karlsson in Blue Jackets zone.
6:01 of 2nd period - Luke Hughes is hit by Cody Ceci and loses puck.
6:22 of 2nd period - Robby Fabbri is hit by Connor Clifton.
6:28 of 2nd period - Wrist shot by Troy Terry.
6:28 of 2nd period - Stopped by Pheonix Copley with a rebound.
6:30 of 2nd period - Slapshot by Connor Clifton.
6:30 of 2nd period - Shot Misses the Net.
6:32 of 2nd period - Snap shot by Troy Terry.
6:32 of 2nd period - Shot Misses the Net.
6:34 of 2nd period - Snap shot by Brett Howden.
6:34 of 2nd period - Stopped by Pheonix Copley with a rebound.
6:46 of 2nd period - Snap shot by Ondrej Kase.
6:46 of 2nd period - Stopped by Logan Thompson with a rebound.
7:50 of 2nd period - Wrist shot by Nikita Kucherov.
7:50 of 2nd period - Stopped by Pheonix Copley with a rebound.
8:02 of 2nd period - David Perron is hit by Jaden Schwartz.
8:24 of 2nd period - Josh Manson is hit by Dysin Mayo and loses puck.
8:43 of 2nd period - Ondrej Kase is hit by Brenden Dillon and loses puck.
9:16 of 2nd period - Snap shot by Nikita Kucherov.
9:16 of 2nd period - Stopped by Pheonix Copley without a rebound.
9:17 of 2nd period - Jonathan Toews wins face-off versus Tyler Seguin in Golden Seals zone.
9:30 of 2nd period - Snap shot by Robby Fabbri.
9:30 of 2nd period - Stopped by Logan Thompson without a rebound.
9:31 of 2nd period - Nick Suzuki wins face-off versus Brett Howden in Blue Jackets zone.
9:32 of 2nd period - Wrist shot by Tyler Toffoli.
9:32 of 2nd period - Shot Blocked by Erik Cernak.
9:34 of 2nd period - Wrist shot by Tyler Toffoli.
9:34 of 2nd period - Shot Misses the Net.
9:44 of 2nd period - Slapshot by Nick Suzuki.
9:44 of 2nd period - Shot Misses the Net.
9:46 of 2nd period - Slapshot by Robert Hagg.
9:46 of 2nd period - Shot Misses the Net.
9:48 of 2nd period - Slapshot by Robert Hagg.
9:48 of 2nd period - Deflect By Tyler Toffoli.
9:48 of 2nd period - Goal by Tyler Toffoli - Blue Jackets : 0 - Golden Seals : 5.
9:49 of 2nd period - Tyler Seguin wins face-off versus William Karlsson in neutral zone.
10:33 of 2nd period - Icing by Erik Cernak.
10:34 of 2nd period - Jonathan Toews wins face-off versus Andreas Athanasiou in Blue Jackets zone.
10:37 of 2nd period - Snap shot by Jonathan Toews.
10:37 of 2nd period - Stopped by Logan Thompson without a rebound.
10:38 of 2nd period - Jonathan Toews wins face-off versus Andreas Athanasiou in Blue Jackets zone.
11:28 of 2nd period - Josh Manson is hit by Robert Hagg and loses puck.
12:09 of 2nd period - Backhand shot by Brenden Dillon.
12:09 of 2nd period - Deflect By Brett Howden.
12:09 of 2nd period - Shot Misses the Net.
12:09 of 2nd period - Puck is out of play.
12:10 of 2nd period - Brett Howden wins face-off versus Robby Fabbri in Golden Seals zone.
12:13 of 2nd period - Wrist shot by Brett Howden.
12:13 of 2nd period - Shot Misses the Net.
12:27 of 2nd period - Snap shot by Robby Fabbri.
12:27 of 2nd period - Shot Misses the Net.
12:38 of 2nd period - Minor Penalty to Robby Fabbri for Holding.
12:39 of 2nd period - Jason Robertson wins face-off versus Tyler Seguin in Golden Seals zone.
12:48 of 2nd period - Wrist shot by David Perron.
12:48 of 2nd period - Stopped by Pheonix Copley with a rebound.
12:50 of 2nd period - Slapshot by Tyler Seguin.
12:50 of 2nd period - Stopped by Pheonix Copley with a rebound.
12:52 of 2nd period - Wrist shot by Erik Cernak.
12:52 of 2nd period - Shot Misses the Net.
13:04 of 2nd period - Cody Ceci is hit by David Perron and loses puck.
13:59 of 2nd period - Snap shot by Nikita Kucherov.
13:59 of 2nd period - Deflect By David Perron.
13:59 of 2nd period - Shot Misses the Net.
13:59 of 2nd period - Puck is out of play.
14:00 of 2nd period - Jason Robertson wins face-off versus Brett Howden in Golden Seals zone.
14:38 of 2nd period - Penalty to Robby Fabbri is over, Robby Fabbri is back on ice.
14:43 of 2nd period - Dysin Mayo is hit by Brenden Dillon and loses puck.
15:52 of 2nd period - Wrist shot by Jonathan Toews.
15:52 of 2nd period - Stopped by Logan Thompson with a rebound.
17:16 of 2nd period - Off-side.
17:17 of 2nd period - Andreas Athanasiou wins face-off versus Nick Suzuki in neutral zone.
17:49 of 2nd period - Max Domi is hit by Brandon Saad and loses puck.
17:56 of 2nd period - William Karlsson is hit by Connor Clifton and loses puck.
18:14 of 2nd period - Off-side.
18:15 of 2nd period - Tyler Seguin wins face-off versus Nick Suzuki in neutral zone.
18:20 of 2nd period - Wrist shot by Tyler Seguin.
18:20 of 2nd period - Stopped by Pheonix Copley with a rebound.
19:04 of 2nd period - Thomas Harley is hit by David Perron and loses puck.
19:20 of 2nd period - Slapshot by Robert Hagg.
19:20 of 2nd period - Stopped by Logan Thompson with a rebound.
19:22 of 2nd period - Slapshot by Robert Hagg.
19:22 of 2nd period - Shot Blocked by Connor Murphy.
19:40 of 2nd period - Slapshot by Jaden Schwartz.
19:40 of 2nd period - Shot Misses the Net.
19:42 of 2nd period - Slapshot by Thomas Harley.
19:42 of 2nd period - Shot Blocked by Brett Howden.
19:44 of 2nd period - Snap shot by Max Domi.
19:44 of 2nd period - Shot Misses the Net.
19:50 of 2nd period - Slapshot by Max Domi.
19:50 of 2nd period - Shot Blocked by Erik Cernak.
19:52 of 2nd period - Snap shot by Max Domi.
19:52 of 2nd period - Shot Blocked by Connor Murphy.
19:54 of 2nd period - Snap shot by Max Domi.
19:54 of 2nd period - Shot Blocked by Connor Murphy.
19:56 of 2nd period - Snap shot by Jaden Schwartz.
19:56 of 2nd period - Shot Misses the Net.
Goals for this period are 0 for Blue Jackets vs 2 for Golden Seals.
Shots for this period are 12 for Blue Jackets vs 14 for Golden Seals.

3rd period


0:01 of 3rd period - Nick Suzuki wins face-off versus Tyler Seguin in neutral zone.
0:26 of 3rd period - Brett Howden is hit by Max Domi and loses puck.
0:41 of 3rd period - Jake McCabe is hit by Brett Howden and loses puck.
1:00 of 3rd period - Snap shot by Andreas Athanasiou.
1:00 of 3rd period - Shot Blocked by Jake McCabe.
1:02 of 3rd period - Slapshot by Josh Manson.
1:02 of 3rd period - Goal by Josh Manson - Blue Jackets : 1 - Golden Seals : 5.
1:03 of 3rd period - Tyler Seguin wins face-off versus Jason Robertson in neutral zone.
1:08 of 3rd period - Snap shot by Matt Duchene.
1:08 of 3rd period - Stopped by Pheonix Copley without a rebound.
1:09 of 3rd period - Tyler Seguin wins face-off versus Nick Suzuki in Golden Seals zone.
1:40 of 3rd period - Wrist shot by Jaden Schwartz.
1:40 of 3rd period - Stopped by Logan Thompson without a rebound.
1:41 of 3rd period - Jaden Schwartz wins face-off versus Brandon Saad in Blue Jackets zone.
1:44 of 3rd period - Snap shot by William Karlsson.
1:44 of 3rd period - Stopped by Logan Thompson without a rebound.
1:45 of 3rd period - Andreas Athanasiou wins face-off versus Nick Suzuki in Blue Jackets zone.
3:25 of 3rd period - Minor Penalty to Dillon Dube for Tripping.
3:26 of 3rd period - Nick Suzuki wins face-off versus Brett Howden in Blue Jackets zone.
3:26 of 3rd period - Slapshot by Jason Robertson.
3:26 of 3rd period - Shot Misses the Net.
3:28 of 3rd period - Slapshot by Tyler Toffoli.
3:28 of 3rd period - Shot Misses the Net.
3:30 of 3rd period - Slapshot by Tyler Toffoli.
3:30 of 3rd period - Shot Misses the Net.
3:32 of 3rd period - Wrist shot by Jake McCabe.
3:32 of 3rd period - Shot Misses the Net.
4:03 of 3rd period - Snap shot by Jaden Schwartz.
4:03 of 3rd period - Shot Misses the Net.
4:43 of 3rd period - Josh Manson is hit by William Karlsson and loses puck.
5:25 of 3rd period - Penalty to Dillon Dube is over, Dillon Dube is back on ice.
6:14 of 3rd period - Dysin Mayo is hit by Josh Manson and loses puck.
7:16 of 3rd period - Snap shot by Dillon Dube.
7:16 of 3rd period - Shot Misses the Net.
7:44 of 3rd period - Thomas Harley is hit by Brett Howden and loses puck.
8:33 of 3rd period - Icing by Cody Ceci.
8:34 of 3rd period - Brett Howden wins face-off versus Jonathan Toews in Golden Seals zone.
8:47 of 3rd period - Brenden Dillon is hit by Robby Fabbri and loses puck.
8:58 of 3rd period - Slapshot by David Perron.
8:58 of 3rd period - Deflect By Brandon Saad.
8:58 of 3rd period - Shot Hit the Post.
8:58 of 3rd period - Puck is out of play.
8:59 of 3rd period - Andreas Athanasiou wins face-off versus Tyler Toffoli in Golden Seals zone.
9:00 of 3rd period - Snap shot by Tom Wilson.
9:00 of 3rd period - Stopped by Pheonix Copley with a rebound.
9:03 of 3rd period - Icing by Jason Robertson.
9:04 of 3rd period - Nick Suzuki wins face-off versus Andreas Athanasiou in Golden Seals zone.
9:06 of 3rd period - Tyler Toffoli is hit by Tom Wilson and loses puck.
9:17 of 3rd period - Wrist shot by Jason Robertson.
9:17 of 3rd period - Stopped by Logan Thompson with a rebound.
9:29 of 3rd period - Slapshot by Andreas Athanasiou.
9:29 of 3rd period - Shot Blocked by Tyler Toffoli.
9:35 of 3rd period - Snap shot by Nick Suzuki.
9:35 of 3rd period - Goal by Nick Suzuki - Blue Jackets : 1 - Golden Seals : 6.
9:36 of 3rd period - Tyler Seguin wins face-off versus Jason Robertson in neutral zone.
9:41 of 3rd period - Wrist shot by Tyler Seguin.
9:41 of 3rd period - Stopped by Pheonix Copley with a rebound.
9:47 of 3rd period - Wrist shot by Nick Suzuki.
9:47 of 3rd period - Stopped by Logan Thompson without a rebound.
9:48 of 3rd period - Tyler Seguin wins face-off versus Nick Suzuki in Blue Jackets zone.
11:49 of 3rd period - David Perron is hit by Thomas Harley and loses puck.
12:04 of 3rd period - Snap shot by Tom Wilson.
12:04 of 3rd period - Stopped by Pheonix Copley with a rebound.
12:06 of 3rd period - Slapshot by Connor Clifton.
12:06 of 3rd period - Stopped by Pheonix Copley without a rebound.
12:07 of 3rd period - Tyler Seguin wins face-off versus Nick Suzuki in Golden Seals zone.
12:16 of 3rd period - Snap shot by Jason Robertson.
12:16 of 3rd period - Shot Blocked by Connor Murphy.
12:18 of 3rd period - Snap shot by Tyler Toffoli.
12:18 of 3rd period - Shot Misses the Net.
12:41 of 3rd period - Wrist shot by Bobby Brink.
12:41 of 3rd period - Shot Blocked by Nikita Kucherov.
12:47 of 3rd period - Snap shot by Bobby Brink.
12:47 of 3rd period - Stopped by Logan Thompson with a rebound.
13:22 of 3rd period - Brenden Dillon is hit by Ondrej Kase and loses puck.
13:42 of 3rd period - Vladislav Namestnikov is hit by Nick Suzuki and loses puck.
13:51 of 3rd period - Snap shot by Tyler Toffoli.
13:51 of 3rd period - Shot Hit the Post.
14:05 of 3rd period - Luke Hughes is hit by Max Domi.
14:27 of 3rd period - Jake McCabe is hit by Tom Wilson and loses puck.
14:50 of 3rd period - Backhand shot by Jonathan Toews.
14:50 of 3rd period - Shot Blocked by David Perron.
15:11 of 3rd period - Brenden Dillon is hit by Cody Ceci and loses puck.
15:28 of 3rd period - Josh Manson is hit by Barclay Goodrow and loses puck.
16:22 of 3rd period - Wrist shot by Tyler Toffoli.
16:22 of 3rd period - Deflect By Jason Robertson.
16:22 of 3rd period - Shot Misses the Net.
16:22 of 3rd period - Puck is out of play.
16:23 of 3rd period - Nick Suzuki wins face-off versus Matt Duchene in Blue Jackets zone.
16:26 of 3rd period - Wrist shot by Jason Robertson.
16:26 of 3rd period - Stopped by Logan Thompson without a rebound.
16:27 of 3rd period - Nick Suzuki wins face-off versus Matt Duchene in Blue Jackets zone.
16:58 of 3rd period - William Karlsson is hit by Vladislav Namestnikov and loses puck.
17:07 of 3rd period - Luke Hughes is hit by Jaden Schwartz and loses puck.
17:40 of 3rd period - Jake McCabe is hit by Nikita Kucherov and loses puck.
18:13 of 3rd period - Wrist shot by Dillon Dube.
18:13 of 3rd period - Shot Misses the Net.
18:17 of 3rd period - Snap shot by Dillon Dube.
18:17 of 3rd period - Stopped by Pheonix Copley with a rebound.
18:44 of 3rd period - Off-side.
18:45 of 3rd period - Matt Duchene wins face-off versus Jonathan Toews in neutral zone.
18:54 of 3rd period - Jonathan Toews is hit by Connor Clifton.
19:26 of 3rd period - Minor Penalty to Tom Wilson for Slashing.
19:27 of 3rd period - Brett Howden wins face-off versus Nick Suzuki in Blue Jackets zone.
19:40 of 3rd period - Jonathan Toews is hit by Dillon Dube and loses puck.
Goals for this period are 1 for Blue Jackets vs 1 for Golden Seals.
Shots for this period are 7 for Blue Jackets vs 7 for Golden Seals.




Output by the SimonT Hockey Simulator (STHS) for Eric Tremblay - Original Page W3C HTML5 Valid
Hockey Simulator - Hockey Simulation - Hockey Manager